 Dungeon Sprint DCSS version 0.28.0-53-g5a82cb258f (webtiles) character file.

Game seed: 12257354836737951972

27927 Zeld the Archmage (level 13, -7/63 HPs)
             Began as a Deep Elf Conjurer on May 30, 2022.
             Was the Champion of Sif Muna.
             Mangled by a ghost moth (10 damage)
             ... in the Dungeon (Sprint IV: "Fedhas' Mad Dash").
             The game lasted 00:10:16 (9019 turns).

Zeld the Archmage (Deep Elf Conjurer)               Turns: 9019, Time: 00:10:17

Health: -7/63      AC:  5    Str:  3 (4)  XL:     13   Next: 7%
Magic:  11/46      EV: 12    Int: 32      God:    Sif Muna [******]
Gold:   128        SH:  0    Dex: 12 (13) Spells: 47/66 levels left

rFire   . . .      SeeInvis .   (no weapon)
rCold   . . .      Faith    .   (no shield)
rNeg    . . .      Spirit   .   a - +0 robe
rPois   .          Reflect  .   p - +2 hat {Int+3}
rElec   .          Harm     .   (no cloak)
rCorr   .          Rampage  .   c - +0 pair of gloves
Will    +....      NoTele   +   (no boots)
Stlth   ++++......              h - amulet of invisibility {+Inv}
HPRegen 0.20/turn               (no ring)
MPRegen 0.30/turn               (no ring)

@: very slightly contaminated, invisible
A: no striking features
a: Renounce Religion, Evoke Invisibility, Channel Magic, Forget Spell, Divine
Exegesis


You were in the Dungeon.
You worshipped Sif Muna.
Sif Muna was exalted by your worship.
You visited 1 branch You collected 478 gold pieces.
You spent 350 gold pieces at shops.

Inventory:

Armour
 a - a +0 robe (worn)
 c - a +0 pair of gloves (worn)
 p - a +2 hat of intelligence (worn)
Jewellery
 h - the amulet of invisibility (around neck) {+Inv}
   (You found it in the Dungeon)

   [amulet of nothing]

   +Inv:      It lets you turn invisible.
 r - the amulet of Meotsesm {Reflect Rampage rCorr Str+4 Slay-2 SH+5}
   (You took it off a spriggan berserker in the Dungeon)

   [amulet of reflection]

   It reflects blocked missile attacks.
   Str:       It affects your strength (+4).
   Slay:      It affects your accuracy & damage with ranged weapons and melee
   (-2).
   rCorr:     It protects you from acid and corrosion.
   SH:        It affects your SH (+5).
   Rampage:   It bestows one free step when moving towards enemies.
Scrolls
 g - 3 scrolls of blinking
 i - a scroll of amnesia
 j - a scroll of magic mapping
 k - 3 scrolls of identify
 l - a scroll of vulnerability {unknown}
 m - 2 scrolls of brand weapon {unknown}
Potions
 b - a potion of curing
 d - a potion of haste
 e - 2 potions of magic
 f - a potion of berserk rage
 n - a potion of attraction {unknown}
 o - a potion of mutation {unknown}
Miscellaneous
 q - a lightning rod (4/4)


   Skills:
 - Level 2.4 Dodging
 - Level 8.0 Stealth
 O Level 27 Spellcasting
 * Level 25.9 Conjurations
 - Level 2.0 Hexes
 - Level 2.0 Translocations
 - Level 12.0 Invocations


You had 47 spell levels left.
You knew the following spells:

 Your Spells              Type           Power      Damage    Failure   Level
a - Magic Dart            Conj           100%       1d8       0%          1
b - Searing Ray           Conj           100%       2d8       0%          2
c - Fulminant Prism       Conj/Hex       46%        3d21      1%          4
d - Iskenderun's Mystic   Conj/Tloc      93%        2d18      1%          4
e - Fireball              Conj/Fire      45%        3d18      1%          5
z - Dazzling Flash        Conj/Hex       100%       N/A       0%          3

Your spell library contained the following spells:

 Spells                   Type           Power      Damage    Failure   Level
 Foxfire                  Conj/Fire      100%       2x1d9     0%          1
 Shock                    Conj/Air       100%       1d9       0%          1
 Conjure Flame            Conj/Fire      90%        6-21      0%          3
 Iskenderun's Battlesphe  Conj           100%       2d15      0%          5
 Slow                     Hex            100%       N/A       1%          1
 Sting                    Tmut/Pois      100%       1d8       1%          1
 Summon Small Mammal      Summ           100%       N/A       1%          1
 Poisonous Vapours        Pois/Air       86%        N/A       1%          2
 Frozen Ramparts          Ice            86%        1d10      1%          3
 Ignite Poison            Fire/Tmut/Pois 43%        N/A       1%          3
 Inner Flame              Hex/Fire       49%        N/A       1%          3
 Mephitic Cloud           Conj/Pois/Air  78%        N/A       1%          3
 Spider Form              Tmut/Pois      43%        N/A       1%          3
 Summon Guardian Golem    Hex/Summ       49%        N/A       1%          3
 Flame Wave               Conj/Fire      90%        2d15      1%          4
 Hailstorm                Conj/Ice       90%        3d18      1%          4
 Sticky Flame             Conj/Fire      90%        2d10      1%          4
 Conjure Ball Lightning   Conj/Air       45%        3x3d16    1%          6
 Iron Shot                Conj/Erth      45%        9d9       1%          6
 Spellforged Servitor     Conj/Summ      45%        N/A       2%          7
 Airstrike                Air            21%        N/A       5%          4
 Ice Form                 Ice/Tmut       43%        N/A       5%          4
 Olgreb's Toxic Radiance  Pois           43%        N/A       5%          4
 Summon Ice Beast         Ice/Summ       43%        N/A       5%          4
 Summon Lightning Spire   Summ/Air       43%        N/A       5%          4
 Metabolic Englaciation   Hex/Ice        24%        N/A       10%         5
 Summon Forest            Summ/Tloc      24%        N/A       10%         5
 Yara's Violent Unravell  Hex/Tmut       24%        3d11      10%         5
 Lehudib's Crystal Spear  Conj/Erth      45%        10d11     17%         8
 Simulacrum               Ice/Necr       21%        N/A       63%         6
 Chain Lightning          Conj/Air       45%        3d60      95%         9
 Fire Storm               Conj/Fire      45%        8d11      95%         9
 Summon Hydra             Summ           21%        N/A       99%         7
 Borgnjor's Revivificati  Necr           21%        N/A       100%        8
 Infestation              Necr           21%        N/A       100%        8


Dungeon Overview and Level Annotations

Branches:
Dungeon (1/1)

Altars:
Cheibriados
Dithmenos
Elyvilon
Gozag
Hepliaklqana
Kikubaaqudgha
Makhleb
Nemelex Xobeh
Okawaru
Qazlal
Ru
Sif Muna
Trog
Uskayaw
Vehumet
Wu Jian
Xom
Yredelemnul
Zin
The Shining One
Beogh
Jiyva
Lugonu

Shops:
D (**[!:?!?:[:(?=**?**!


Message History

Deactivating autopickup; reactivate with Ctrl-A.
Something hits you. Something stings you.
The spriggan berserker hits you with a +0 rapier!
You are already invisible!
Casting: Fireball (safe; 1% risk of failure)
Confirm with . or Enter, or press ? or * to list all spells.
You erupt in a blast of force!
The mystic blast hits the spriggan berserker!!
The spriggan berserker is heavily wounded.
The spriggan berserker is knocked back by the mystic blast.
The spriggan berserker collides with something!
The spriggan berserker is severely wounded.
Unknown command.
Unknown command.
Casting: Iskenderun's Mystic Blast (safe; 1% risk of failure)
Confirm with . or Enter, or press ? or * to list all spells.
You erupt in a blast of force!
The mystic blast hits something!
The mystic blast hits the spriggan berserker!!
You kill the spriggan berserker!
Sif Muna accepts your kill.
Unknown command.
Unknown command.
Unknown command.
Unknown command.
Casting: Iskenderun's Mystic Blast (safe; 1% risk of failure)
Confirm with . or Enter, or press ? or * to list all spells.
You can't see any susceptible monsters within range! (Use Z to cast anyway.) Unknown command.
Unknown command.
You start resting.
Something hits you!
You feel clumsy. Something hits you!
* * * LOW HITPOINT WARNING * * *
Something stings you!
* * * LOW HITPOINT WARNING * * *
You start resting.
Something hits you.
* * * LOW HITPOINT WARNING * * *
You feel weakened. Something hits you!
You die...

.............#####∩∩∩#...........
#################################
♣........♣..♣........♣.....♣..♣..
..)).)..........).)).............
♣........♣..♣......).♣.....♣..♣..
#################################
######.....#####....******,
#######...................,,,,,,,
.........)......@)........,,,,,,*
..........................,,,,,,,
.......######.....####....******,
.......# ####### **###* **
########


There were no monsters in sight!

Vanquished Creatures
  the Enchantress (D)
  Agnes (D)
  4 spriggan defenders (D)
  5 spriggan berserkers (D)
  4 spriggan druids (D)
  25 oklob plants (D)
  2 moths of wrath (D)
  3 demonic crawlers (D)
  2 queen bees (D)
  3 wandering mushrooms (D)
  3 burning bushes (D)
  9 hornets (D)
  4 scorpions (D)
  4 killer bees (D)
  5 oklob saplings (D)
  11 spriggans (D)
  A river rat (D)
  A rat (D)
  A ballistomycete spore (D)
  3 bushes (D)
92 creatures vanquished.

Vanquished Creatures (others)
  A ballistomycete spore (D)
  A bush (D)
  16 fulminant prisms (D)
  9 fungi (D)
27 creatures vanquished.

Grand Total: 119 creatures vanquished

Notes
Turn   | Place    | Note
-------+----------+-------------------------------------------
     0 | D        | Zeld the Deep Elf Conjurer began the quest for the Orb.
     0 | D        | Reached XP level 1. HP: 10/10 MP: 6/6
    10 | D        | Reached skill level 4 in Spellcasting
    10 | D        | Reached skill level 5 in Conjurations
    10 | D        | Reached skill level 1 in Hexes
    10 | D        | Reached skill level 1 in Translocations
    10 | D        | Reached XP level 2. HP: 15/15 MP: 0/9
   168 | D        | Learned a level 2 spell: Searing Ray
   170 | D        | Noticed a scorpion
   176 | D        | Killed a scorpion
   177 | D        | Reached skill level 7 in Spellcasting
   177 | D        | Reached XP level 3. HP: 19/19 MP: 5/13
   181 | D        | Learned a level 3 spell: Dazzling Flash
   419 | D        | Noticed an oklob sapling
   424 | D        | Killed an oklob sapling
   425 | D        | Reached XP level 4. HP: 24/24 MP: 9/15
   570 | D        | Found the amulet of invisibility {+Inv}
   577 | D        | Learned a level 4 spell: Fulminant Prism
   582 | D        | Learned a level 4 spell: Iskenderun's Mystic Blast
  1055 | D        | Found an opulent altar of Gozag.
  1055 | D        | Found a hazy altar of Hepliaklqana.
  1055 | D        | Found a burning altar of Makhleb.
  1055 | D        | Found a sparkling altar of Nemelex Xobeh.
  1055 | D        | Found a snail-covered altar of Cheibriados.
  1055 | D        | Found a sacrificial altar of Ru.
  1055 | D        | Found a shimmering blue altar of Sif Muna.
  1055 | D        | Found a shimmering altar of Xom.
  1055 | D        | Found a basalt altar of Yredelemnul.
  1058 | D        | Found a viscous altar of Jiyva.
  1058 | D        | Found a bloodstained altar of Trog.
  1058 | D        | Found an ornate altar of the Wu Jian Council.
  1059 | D        | Found an iron altar of Okawaru.
  1059 | D        | Found a shadowy altar of Dithmenos.
  1059 | D        | Found a glowing silver altar of Zin.
  1060 | D        | Found an ancient bone altar of Kikubaaqudgha.
  1060 | D        | Found a hide-covered altar of Uskayaw.
  1061 | D        | Found a stormy altar of Qazlal.
  1061 | D        | Found a glowing golden altar of the Shining One.
  1061 | D        | Found a white marble altar of Elyvilon.
  1062 | D        | Found a radiant altar of Vehumet.
  1062 | D        | Found a corrupted altar of Lugonu.
  1064 | D        | Became a worshipper of Sif Muna the Loreminder
  1289 | D        | Reached skill level 8 in Spellcasting
  1328 | D        | Noticed a queen bee
  1332 | D        | Reached * piety under Sif Muna
  1333 | D        | Reached skill level 5 in Stealth
  1333 | D        | Reached skill level 10 in Spellcasting
  1333 | D        | Reached XP level 5. HP: 28/28 MP: 10/20
  1342 | D        | Reached skill level 11 in Spellcasting
  1342 | D        | Reached skill level 10 in Conjurations
  1342 | D        | Reached XP level 6. HP: 32/32 MP: 7/22
  1642 | D        | Killed a queen bee
  1643 | D        | Reached skill level 12 in Spellcasting
  1643 | D        | Reached XP level 7. HP: 35/36 MP: 2/25
  1763 | D        | Noticed an oklob plant
  1776 | D        | Killed an oklob plant
  1776 | D        | Reached ** piety under Sif Muna
  1777 | D        | Reached skill level 14 in Spellcasting
  2186 | D        | Reached *** piety under Sif Muna
  2187 | D        | Reached skill level 15 in Spellcasting
  2187 | D        | Reached XP level 8. HP: 41/41 MP: 23/29
  2215 | D        | Found Akiargho's Jewellery Shop.
  2215 | D        | Found Puyshrink's Magic Scroll Emporium.
  2219 | D        | Bought a scroll of magic mapping for 38 gold pieces
  2219 | D        | Bought a scroll of identify for 22 gold pieces
  2219 | D        | Bought a scroll of magic mapping for 38 gold pieces
  2219 | D        | Bought a scroll of identify for 22 gold pieces
  2446 | D        | Noticed a burning bush
  2446 | D        | Noticed a wandering mushroom
  2447 | D        | Noticed a wandering mushroom
  2451 | D        | Killed a wandering mushroom
  2452 | D        | Killed a wandering mushroom
  2453 | D        | Reached skill level 16 in Spellcasting
  2453 | D        | Reached **** piety under Sif Muna
  2709 | D        | HP: 1/41 [burning bush/puff of flame (13)]
  2710 | D        | Killed a burning bush
  2711 | D        | Reached skill level 17 in Spellcasting
  2711 | D        | Reached skill level 15 in Conjurations
  3017 | D        | Found Woryhe's Assorted Antiques.
  3017 | D        | Found Zyocin's Magic Scroll Shoppe.
  3067 | D        | Noticed a burning bush
  3073 | D        | Killed a burning bush
  3074 | D        | Reached XP level 9. HP: 30/45 MP: 17/32
  3147 | D        | Got Veunusef's Grimoire of Venom
  3153 | D        | Noticed a burning bush
  3153 | D        | Noticed an oklob plant
  3160 | D        | Killed a burning bush
  3315 | D        | Noticed a wandering mushroom
  3327 | D        | Killed a wandering mushroom
  3327 | D        | Reached ***** piety under Sif Muna
  3327 | D        | Received a gift from Sif Muna
  3328 | D        | Reached skill level 18 in Spellcasting
  3328 | D        | Killed an oklob plant
  3329 | D        | Reached skill level 19 in Spellcasting
  3331 | D        | Got Sif Muna's Catalogue of Ensnaring Feathers {god gift}
  3423 | D        | Noticed a spriggan druid
  3425 | D        | Killed a spriggan druid
  3502 | D        | Noticed an oklob plant conjurer
  3508 | D        | Killed an oklob plant conjurer
  3699 | D        | Noticed an oklob plant
  3699 | D        | Noticed an oklob plant summoner
  3703 | D        | Noticed an oklob plant shifter
  3707 | D        | Killed an oklob plant shifter
  3708 | D        | Reached skill level 20 in Spellcasting
  3711 | D        | Killed an oklob plant summoner
  3712 | D        | Reached XP level 10. HP: 50/50 MP: 23/36
  3714 | D        | Killed an oklob plant
  3845 | D        | Noticed a spriggan rider
  3850 | D        | Reached skill level 21 in Spellcasting
  3851 | D        | Killed a spriggan rider
  3858 | D        | Received a gift from Sif Muna
  3861 | D        | Got Sif Muna's Catalogue of the Volcanoes and Curses {god
                  | gift}
  3868 | D        | Learned a level 5 spell: Fireball
  3975 | D        | Found Beomui's General Store.
  4068 | D        | Found Mumed's Distillery.
  4141 | D        | Noticed Agnes
  4146 | D        | Noticed a spriggan berserker
  4147 | D        | Found Qawn's General Store.
  4148 | D        | Killed Agnes
  4149 | D        | Reached skill level 22 in Spellcasting
  4149 | D        | Noticed a death yak
  4149 | D        | Killed a spriggan berserker
  4149 | D        | Noticed a spriggan defender
  4152 | D        | Killed a spriggan defender
  4153 | D        | Reached XP level 11. HP: 54/54 MP: 6/39
  4463 | D        | Found Saubud's Assorted Antiques.
  4477 | D        | Bought an emerald potion for 21 gold pieces
  4477 | D        | Bought a cyan potion for 21 gold pieces
  4477 | D        | Bought a scroll labelled FIMPEAT CIARR for 24 gold pieces
  4489 | D        | Noticed a spriggan rider
  4837 | D        | Reached skill level 23 in Spellcasting
  5134 | D        | Reached skill level 5 in Invocations
  5153 | D        | Noticed an oklob plant shifter
  5153 | D        | Noticed an oklob plant meteorologist
  5157 | D        | Killed an oklob plant meteorologist
  5158 | D        | Killed an oklob plant shifter
  5297 | D        | Received a gift from Sif Muna
  5301 | D        | Noticed a spriggan rider
  5307 | D        | Killed a spriggan rider
  5517 | D        | Found Kuenutz's Distillery.
  5517 | D        | Found Looj's Book Boutique.
  5517 | D        | Found Qoolov's Armour Shop.
  5518 | D        | Found Qykkec's Distillery.
  5518 | D        | Found Qoinaem's Magic Scroll Shoppe.
  5519 | D        | Found Womoaseb's Book Emporium.
  5519 | D        | Found Mariugav's Antique Armour Shop.
  5519 | D        | Found Jere's Magic Scroll Boutique.
  5521 | D        | Noticed an oklob plant
  5522 | D        | Noticed an oklob plant
  5523 | D        | Noticed an oklob plant
  5734 | D        | Noticed an oklob plant summoner
  5735 | D        | Found Pireut's Book Emporium.
  5736 | D        | Found Fuker's Antique Weapon Shop.
  5738 | D        | Killed an oklob plant summoner
  5772 | D        | Noticed an oklob plant annihilator
  5776 | D        | Noticed an oklob plant demonologist
  5781 | D        | Killed an oklob plant demonologist
  5781 | D        | Killed an oklob plant annihilator
  5782 | D        | Reached skill level 24 in Spellcasting
  5854 | D        | Noticed an oklob plant
  5855 | D        | Noticed an oklob plant
  5858 | D        | Killed an oklob plant
  5858 | D        | Received a gift from Sif Muna
  5858 | D        | Killed an oklob plant
  5858 | D        | Killed an oklob plant
  5859 | D        | Noticed an oklob plant
  5862 | D        | Got Sif Muna's Compendium of the Vitriolic Entourage {god
                  | gift}
  5921 | D        | Identified the amulet of Meotsesm {Reflect Rampage rCorr
                  | Str+4 Slay-2 SH+5}
  5921 | D        | Noticed a spriggan berserker
  5922 | D        | Noticed an oklob plant
  5923 | D        | Noticed an oklob plant
  5927 | D        | Killed a spriggan berserker
  5928 | D        | Killed an oklob plant
  5929 | D        | Killed an oklob plant
  5929 | D        | Killed an oklob plant
  5930 | D        | Reached skill level 25 in Spellcasting
  6124 | D        | Noticed an oklob plant
  6125 | D        | Noticed an oklob plant
  6127 | D        | Killed an oklob plant
  6128 | D        | Killed an oklob plant
  6128 | D        | Reached ****** piety under Sif Muna
  6128 | D        | Killed an oklob plant
  6128 | D        | Received a gift from Sif Muna
  6129 | D        | Reached XP level 12. HP: 59/59 MP: 27/43
  6342 | D        | Noticed a spriggan defender
  6342 | D        | Noticed a spriggan defender
  6347 | D        | Killed a spriggan defender
  6348 | D        | Reached skill level 26 in Spellcasting
  6350 | D        | Killed a spriggan defender
  6351 | D        | Reached skill level 10 in Invocations
  6549 | D        | Received a gift from Sif Muna
  7255 | D        | Received a gift from Sif Muna
  7256 | D        | Reached skill level 27 in Spellcasting
  7771 | D        | Noticed a spriggan defender
  7776 | D        | Killed a spriggan defender
  7778 | D        | Noticed the Enchantress
  7781 | D        | Killed the Enchantress
  8074 | D        | Received a gift from Sif Muna
  8077 | D        | Got Ciolon's Compendium of Unholy Conjuration {god gift}
  8300 | D        | Reached XP level 13. HP: 63/63 MP: 26/46
  8734 | D        | Bought a scroll of blinking for 82 gold pieces
  8734 | D        | Bought a scroll of blinking for 82 gold pieces
  8825 | D        | Found Mir Amid's General Store.
  8825 | D        | Found Pomm's General Store.
  8825 | D        | Found Edubyw's Weapon Shoppe.
  9019 | D        | HP: 3/63 [something (2)]
  9019 | D        | Mangled by a ghost moth

Illustrated notes

Levels and vault maps discovered:
D:        dungeon_sprint_fedhas [sprint_temple]

Skill      XL: |  1  2  3  4  5  6  7  8  9 10 11 12 |
---------------+-------------------------------------+-----
Spellcasting   | 4 7 10 11 12 15 17 20 22 25 27 | 27.0
Conjurations   | 5 7 9 10 11 13 15 17 20 22 25 | 25.9
Hexes          | 1 2 |  2.0
Translocations | 1 2 |  2.0
Stealth        | 3 5 6 7 8 |  8.0
Invocations    | 4 9 12 | 12.0
Dodging        | |  2.4

Action                   |  1- 3 |  4- 6 |  7- 9 | 10-12 | 13-15 || total
-------------------------+-------+-------+-------+-------+-------++-------
Melee: Unarmed           |     7 |       |       |     2 |       ||     9
       Punch             |     1 |       |       |       |       ||     1
 Cast: Magic Dart        |     6 |       |     1 |       |       ||     7
       Searing Ray       |     2 |     1 |    12 |     1 |       ||    16
       Fulminant Prism   |       |     1 |    11 |     4 |       ||    16
       Iskenderun's Myst |       |     6 |    25 |    27 |     4 ||    62
       Fireball          |       |       |       |    67 |     2 ||    69
Invok: Channel Magic     |       |       |       |     2 |       ||     2
 Abil: Evoke Invisibilit |       |     4 |    11 |     8 |     1 ||    24
  Use: Scroll            |       |       |     2 |       |       ||     2
       Potion            |       |       |       |     1 |       ||     1
Armor: Robe              |     1 |       |       |     2 |       ||     3
Dodge: Dodged            |     4 |     2 |     4 |    11 |       ||    21
